 Dungeon Crawl Stone Soup version 0.22.1-2-g9c5b331383 (webtiles) character file.

1110 Marnok the Cutter (level 8, -6/61 HPs)
             Began as a Human Fighter on Nov 29, 2018.
             Mangled by an orc warrior
             ... wielding a +0 long sword
              (18 damage)
             ... on level 6 of the Dungeon.
             The game lasted 00:33:00 (5772 turns).

Marnok the Cutter (Human Fighter)                   Turns: 5772, Time: 00:33:00

Health: -6/61      AC: 11    Str: 17    XL:     8   Next: 59%
Magic:  8/8        EV:  6    Int:  9    God:
Gold:   72         SH: 10    Dex: 14    Spells: 7/7 levels left

rFire    . . .     SeeInvis +   a - +0 rapier
rCold    . . .     Gourm    .   c - +0 shield
rNeg     . . .     Faith    .   u - +0 chain mail
rPois    .         Spirit   .   (no helmet)
rElec    .         Reflect  .   r - scarf {repulsion}
rCorr    .         Harm     .   p - +0 pair of gloves
MR       +....                  (no boots)
Stlth    ..........             (no amulet)
HPRegen  0.20/turn              h - ring of protection from magic
MPRegen  0.11/turn              o - ring of see invisible

@: repel missiles
A: no striking features
a: no special abilities


You were on level 6 of the Dungeon.
You were not hungry.

You visited 1 branch of the dungeon, and saw 6 of its levels.
You also visited: Ossuary.

You collected 204 gold pieces.
You spent 132 gold pieces at shops.

Inventory:

Hand Weapons
 a - a +0 rapier (weapon)
 l - a cursed -2 trident
 q - a +2 whip of electrocution
Armour
 b - a +0 pair of gloves
 c - a +0 shield (worn)
 i - a +1 cloak
 p - a +0 pair of gloves (worn)
 r - a scarf of repulsion (worn)
 u - a +0 chain mail (worn)
Jewellery
 h - a ring of protection from magic (left hand)
 o - a ring of see invisible (right hand)
 t - an uncursed ring of protection from fire {unknown}
Wands
 g - a wand of clouds (6)
Scrolls
 d - 3 scrolls of holy word
 m - 3 scrolls of remove curse
 n - 5 scrolls of immolation {unknown}
 v - a scroll of magic mapping
 w - a scroll of identify
Potions
 e - a potion of magic
 k - a potion of cancellation
 x - a potion of ambrosia {unknown}
Comestibles
 f - 6 rations


   Skills:
 + Level 4.3 Fighting
 + Level 6.3 Short Blades
 + Level 5.1 Armour
 + Level 1.7 Dodging
 + Level 0.6 Stealth
 + Level 5.5 Shields


You had 7 spell levels left.
You didn't know any spells.
Your spell library was empty.

Dungeon Overview and Level Annotations

Branches:
Dungeon (6/15)
 Temple: D:4-7

Altars:
Gozag

Shops:
D:4 [

Annotations:
D:5 Blork the orc


Message History

You hit the orc warrior but do no damage.
The orc warrior is almost dead.
You block the orc warrior's attack.
You closely miss the orc warrior.
The orc warrior is almost dead.
The orc warrior hits you but does no damage.
You feel better. You block the orc warrior's attack.
You hit the orc warrior but do no damage.
The orc warrior is almost dead.
You block the orc warrior's attack. The orc warrior blocks your attack.
The orc warrior is almost dead.
You barely miss the orc warrior.
The orc warrior is almost dead.
The orc warrior hits you with a long sword!
* * * LOW HITPOINT WARNING * * *
You barely miss the orc warrior.
The orc warrior is almost dead.
The orc warrior hits you with a long sword!!
You die...

##### ###### #...## #....# #@#..#
#....# #######o##.########.....
#.......##...[)(........
****##***#...........########...#
,,,,...,##......<......,,,.......
,,,,....#.......####...,,####...#
,,,,............# #####,***..#.#
,,,,....##......# **,,*#.##.#
***,....##......# *,*,*#.##..


You could see an orc warrior.

Vanquished Creatures
  Eustachio (D:5)
  An ogre (D:4)
  2 centaurs
  3 centaur zombies (Ossuary)
  A quasit (D:6)
  A jelly (D:6)
  An orc priest (D:5)
  2 hounds
  4 orc wizards
  A bullfrog skeleton (D:4)
  A worker ant (D:4)
  3 big kobold zombies (Ossuary)
  A hound skeleton (D:5)
  4 mummies (Ossuary)
  5 adders
  An adder skeleton (D:5)
  3 worms
  3 dart slugs
  3 leopard geckos
  19 orcs
  15 giant cockroaches
  14 goblins
  11 hobgoblins
  11 kobolds
  2 ball pythons
  11 bats
  6 frilled lizards
  A hobgoblin zombie (Ossuary)
  A jackal zombie (D:3)
  A quokka skeleton (D:4)
  7 rats
140 creatures vanquished.

Notes
Turn   | Place    | Note
-------+----------+-------------------------------------------
     0 | D:1      | Marnok the Human Fighter began the quest for the Orb.
     0 | D:1      | Reached XP level 1. HP: 18/18 MP: 1/1
    79 | D:1      | Reached XP level 2. HP: 21/24 MP: 2/2
   569 | D:1      | Reached XP level 3. HP: 27/29 MP: 3/3
   956 | D:2      | Found an opulent altar of Gozag.
  1529 | D:2      | Reached XP level 4. HP: 35/35 MP: 4/4
  2301 | D:3      | Reached skill level 3 in Short Blades
  2571 | D:3      | Reached XP level 5. HP: 37/41 MP: 5/5
  3396 | D:5      | Entered Level 5 of the Dungeon
  3498 | D:4      | Reached XP level 6. HP: 33/47 MP: 6/6
  4012 | D:4      | Found Suureock's Armour Shoppe.
  4015 | D:4      | Bought a scarf of repulsion for 132 gold pieces
  4046 | D:4      | Noticed an ogre
  4050 | D:4      | Reached skill level 4 in Short Blades
  4076 | D:4      | Killed an ogre
  4076 | D:4      | Reached skill level 1 in Dodging
  4450 | D:4      | Reached XP level 7. HP: 45/52 MP: 7/7
  4703 | D:6      | Reached skill level 5 in Short Blades
  4710 | D:6      | Found a sand-covered staircase.
  4719 | Ossuary  | Entered an ossuary
  4967 | Ossuary  | Reached XP level 8. HP: 59/60 MP: 8/8
  5008 | Ossuary  | Reached skill level 5 in Armour
  5312 | D:6      | Reached skill level 5 in Shields
  5417 | D:5      | Reached skill level 6 in Short Blades
  5661 | D:5      | Noticed Eustachio
  5663 | D:5      | Noticed Blork the orc
  5664 | D:5      | Found the +0 sword of Power
  5717 | D:5      | Killed Eustachio
  5772 | D:6      | Mangled by an orc warrior

Skill      XL: |  1  2  3  4  5  6  7  8 |
---------------+-------------------------+-----
Short Blades   | 3 4 5 6 |  6.3
Armour         | 4 5 |  5.1
Shields        | 4 5 |  5.5
Dodging        | 1 |  1.7
Fighting       | 4 |  4.3
Stealth        | |  0.6

Action                   |  1- 3 |  4- 6 |  7- 9 || total
-------------------------+-------+-------+-------++-------
Melee: Rapier            |   105 |   373 |   259 ||   737
  Use: Scroll            |     5 |     4 |     7 ||    16
       Potion            |     2 |     5 |     6 ||    13
  Eat: Chunk             |     1 |     1 |     1 ||     3
       Ration            |     1 |     2 |     1 ||     4
Armor: Scale mail        |    44 |    96 |       ||   140
       Chain mail        |       |    64 |   120 ||   184
Dodge: Dodged            |    27 |    86 |    40 ||   153
       Deflected         |       |       |     1 ||     1
Block: Shield            |    52 |   157 |   131 ||   340
